 Dungeon Crawl Stone Soup version 0.29.1-14-g9c671dbff4 (webtiles) character file.

Game seed: 12797605587272391904

5 Wobber the Insei (level 1, 0/13 HPs)
             Began as an Octopode Transmuter on Feb 14, 2023.
             Slain by a quokka (2 damage)
             ... on level 1 of the Dungeon.
             The game lasted 00:00:20 (96 turns).

Wobber the Insei (Octopode Transmuter)                Turns: 96, Time: 00:00:21

Health: 0/13       AC:  1    Str:  9    XL:     1   Next: 80%
Magic:  3/3        EV: 13    Int: 15    God:
Gold:   0          SH:  0    Dex: 12    Spells: 3/4 levels left

rFire   . . .      SeeInvis .     - Unarmed
rCold   . . .      Faith    .   (no shield)
rNeg    . . .      Spirit   .   (helmet currently unavailable)
rPois   .          Reflect  .   (no amulet)
rElec   .          Harm     .   (no ring)
rCorr   .          Rampage  .   (no ring)
Will    .....                   (no ring)
Stlth   ++........              (no ring)
HPRegen 0.04/turn               (no ring)
MPRegen 0.08/turn               (no ring)
                                (no ring)
                                (no ring)

@: appendages (expiring)
A: tentacle spike 3, almost no armour, amphibious, 8 rings, camouflage 1,
gelatinous body 1, (nimble swimmer 1), tentacles
a: End Transformation


You were on level 1 of the Dungeon.
One of your tentacles had grown a beastly spike.
You visited 1 branch of the dungeon, and saw 1 of its levels.

Inventory:

Potions
 a - a potion of lignification


   Skills:
 - Level 1.0 Fighting
 - Level 2.0 Dodging
 - Level 3.0 Unarmed Combat
 - Level 2.0 Spellcasting
 + Level 2.5 Transmutations


You had 3 spell levels left.
You knew the following spells:

 Your Spells              Type           Power      Damage    Failure   Level
a - Beastly Appendage     Tmut           18%        N/A       8%          1

Your spell library contained the following spells:

 Spells                   Type           Power      Damage    Failure   Level
 Wereblood                Tmut           9%         N/A       12%         2
 Spider Form              Tmut/Pois      5%         N/A       36%         3
 Ice Form                 Ice/Tmut       5%         N/A       78%         4


Dungeon Overview and Level Annotations

Branches:
Dungeon (1/15)

Altars:


Innate Abilities, Weirdness & Mutations

One of your tentacles has grown a beastly spike.
You cannot wear most types of armour.
You are amphibious.
You can wear up to eight rings at the same time.
Your skin changes colour to match your surroundings (Stealth+).
Your rubbery body absorbs attacks. (AC +1, EV +1)
((You are camouflaged when in or above water. (Stealth+)))
You have tentacles for arms and can constrict up to eight enemies at once.


Message History

You tentacle-slap the quokka but do no damage.
The ball python hisses angrily.
You grab the quokka.
You pierce the quokka.
You squeeze the quokka, but do no damage.
The quokka is moderately wounded.
You constrict the quokka, but do no damage.
The ball python bites you. The ball python grabs you.
The ball python constricts you. The quokka bites you.
You tentacle-slap the quokka but do no damage.
You pierce the quokka, but do no damage.
The quokka is moderately wounded.
You constrict the quokka. The quokka misses you. The ball python bites you.
The ball python constricts you.
You escape the ball python's grasp.
You release your grip on the quokka.
The ball python barely misses you. The ball python grabs you.
The ball python constricts you.
You escape the ball python's grasp.
The quokka attacks as you move away! The quokka closely misses you.
The ball python attacks as you move away!
The ball python misses you. The ball python barely misses you.
The quokka bites you.
* * * LOW HITPOINT WARNING * * *
The ball python misses you. The ball python closely misses you.
The ball python attacks as you move away!
The ball python bites you.
* * * LOW HITPOINT WARNING * * *
The ball python barely misses you.
You barely miss the ball python. Your grab misses the ball python.
You pierce the ball python.
The ball python is moderately wounded.
You closely miss the ball python. Your grab misses the ball python.
Your tentacle spike misses the ball python.
You squeeze the ball python.
You kill the ball python!
You miss the quokka. You grab the quokka.
The quokka is moderately wounded.
Your transformation is almost over.
You constrict the quokka, but do no damage.
The quokka bites you.
You die...

... ...........# .....#
..........# .....#
........# .....#
#####r.....# .....#
#..........# ♣.♣..#
#..........# .....#
#......###.###..
.....####......###......
..^.....#.....Sr@..##..
.....##..†.....#†......>
.....####......#......##
♣.♣..# ########........
.....# #.....### .....#
#.....# .....# #######
.....# .....#


You could see a quokka and a ball python.

Vanquished Creatures
  A ball python (D:1)
  A bat (D:1)
  2 endoplasms (D:1)
4 creatures vanquished.

Notes
Turn   | Place    | Note
-------+----------+-------------------------------------------
     0 | D:1      | Wobber the Octopode Transmuter began the quest for the Orb.
     0 | D:1      | Reached XP level 1. HP: 13/13 MP: 3/3
    96 | D:1      | Slain by a quokka

Illustrated notes

Levels and vault maps discovered:
D:1:      wander_arrival_estate, layout_basic

Action                   || total
-------------------------++-------
Melee: Unarmed           ||     9
       Tentacles         ||     5
       Kick              ||     3
       Constrict         ||     2
 Cast: Beastly Appendage ||     2
 Stab: Sleeping          ||     1
Dodge: Dodged            ||    10
